AoeStats
← Smiley

Nomad

510147426Analyzed
2v2 RM · 3d ago on Sep 29, 2026· 29m 45s· 4 players
Game mode
Random Map
Map size
176×176
Population
200
Speed
Normal
Resources
Standard
Victory
Conquest
Starting age
Dark Age
Ending age
Imperial Age
RankedLock teamsTeams togetherTeam positionsShared explorationLock speedFull tech treeHidden civsTurbo modeCheats
Victory
Defeat
🇪🇸 Spanish · Spain
1090
+18
🇷🇸 Japanese · Serbia
1052
+19
🇩🇪 Persians · Germany
1129
-19
🇩🇪 Huns · Germany
1115
-18
Elmarques
12:27 Feudal Age
16:40 Castle Age
14:36 Fishing Lines
16:38 Double-Bit Axe
16:36 Horse Collar
18:43 Loom
18:48 Town Watch
19:36 Stone Mining
21:03 Medium Warships
22:15 Fletching
24:17 Bodkin Arrow
28:30 Padded Archer Armor
30:09 Leather Archer Armor
Smiley
5:07 Loom
13:17 Feudal Age
14:09 Double-Bit Axe
20:18 Castle Age
18:54 Wheelbarrow
18:43 Stone Mining
18:44 Gold Mining
19:22 Fletching
19:33 Scale Mail Armor
20:27 Fishing Lines
21:33 Forging
21:32 Horse Collar
25:11 Gambesons
26:33 Squires
26:19 Arson
26:49 Heavy Plow
27:58 Bodkin Arrow
Schimmelkürbis
12:44 Feudal Age
14:44 Loom
18:22 Castle Age
16:42 Double-Bit Axe
16:40 Horse Collar
17:51 Fletching
18:09 Scale Barding Armor
19:11 Medium Warships
19:35 Forging
20:38 Wheelbarrow
20:58 Horse Collar
21:58 Chain Barding Armor
25:41 Bloodlines
MentalMadness
4:55 Loom
13:45 Feudal Age
18:39 Castle Age
16:47 Fishing Lines
17:42 Double-Bit Axe
18:49 Fletching
19:24 Bodkin Arrow
20:00 Bow Saw
20:06 Gold Mining
21:00 Padded Archer Armor
23:03 Bloodlines
23:43 Horse Collar
26:08 Wheelbarrow
26:25 Ballistics
Connection lost

Rejoining the realm…

Still unreachable

The connection could not be restored.

Session expired

The server has moved on; the page needs a fresh start.